 Dungeon Crawl Stone Soup version 0.21-a0-513-gdcb3f5e (webtiles) character file.

21077 theanonym the Cleaver (level 12, -7/102 HPs)
             Began as a Demonspawn Fighter on Dec 3, 2017.
             Was a Follower of Yredelemnul.
             Mangled by a salamander
             ... wielding a +0 glaive
              (18 damage)
             ... in a volcano.
             The game lasted 00:32:24 (18330 turns).

theanonym the Cleaver (Demonspawn Fighter)         Turns: 18330, Time: 00:32:25

Health: -7/102     AC: 16    Str: 21    XL:     12   Next: 51%
Magic:  0/15       EV:  6    Int: 10    God:    Yredelemnul [*.....]
Gold:   449        SH:  0    Dex: 13    Spells: 11/11 levels left

rFire    + + +     SeeInvis .   a - +0 battleaxe
rCold    + . .     Gourm    .   (shield currently unavailable)
rNeg     . . .     Faith    .   L - +0 plate armour {rF+}
rPois    +         Spirit   +   (helmet restricted)
rElec    +         Reflect  .   v - +0 cloak
rCorr    +         Harm     .   (no gloves)
MR       +....                  F - +0 pair of boots
Stlth    ..........             (no amulet)
HPRegen  0.27/turn              p - ring of stealth {Stlth+}
MPRegen  0.14/turn              n - ring of protection from magic {MR+}

@: about to teleport, resistant, injury mirror
A: horns 2, molten scales 2, fire resistance 1, magic shield
a: Animate Remains, Renounce Religion


Innate Abilities, Weirdness & Mutations

You have a pair of horns on your head.
You are mostly covered in molten scales. (AC +3)
Your flesh is heat resistant. (rF+)
When hurt, damage is shared between your health and your magic reserves.


   Skills:
 + Level 12.1 Fighting
 * Level 14.9 Axes
 - Level 2.6 Armour
   Level 2.6 Shields
 - Level 5.0 Invocations


You had 11 spell levels left.
You didn't know any spells.

Skill      XL: |  1  2  3  4  5  6  7  8  9 10 11 12 |
---------------+-------------------------------------+-----
Axes           | 2 3 4 6 7 9 10 12 14 | 14.9
Fighting       | 4 5 6 7 9 10 11 12 | 12.1
Invocations    | 5 |  5.0
Armour         | |  2.6
Shields        | |  2.6

Action                   |  1- 3 |  4- 6 |  7- 9 | 10-12 || total
-------------------------+-------+-------+-------+-------++-------
Melee: War axe           |   146 |   182 |   321 |   551 ||  1200
       Headbutt          |       |    26 |    62 |   152 ||   240
       Unarmed           |       |    31 |       |       ||    31
       Battleaxe         |       |       |       |   193 ||   193
Throw: Throwing net      |       |       |       |     4 ||     4
       Tomahawk          |       |       |       |     7 ||     7
Invok: Animate Remains   |       |       |       |    22 ||    22
       Injury Mirror     |       |       |       |     6 ||     6
       Animate Dead      |       |       |       |     3 ||     3
       Recall Undead Sla |       |       |       |     2 ||     2
Evoke: Wand              |       |       |     4 |     6 ||    10
       Lightning rod     |       |       |       |     6 ||     6
  Use: Scroll            |       |     8 |    10 |    12 ||    30
       Potion            |       |     2 |     1 |    13 ||    16
 Stab: Sleeping          |       |       |     4 |     1 ||     5
       Distracted        |       |       |     1 |     2 ||     3
       Confused          |       |       |       |     4 ||     4
  Eat: Chunk             |     2 |     6 |     6 |    12 ||    26
       Royal jelly       |       |     1 |     2 |       ||     3
       Meat ration       |       |       |     1 |     4 ||     5
       Bread ration      |       |       |       |     2 ||     2
Armor: Scale mail        |    35 |       |       |       ||    35
       Plate armour      |    80 |   158 |   105 |   318 ||   661
       Skin              |       |     3 |       |    50 ||    53
       Quicksilver drago |       |       |    76 |    85 ||   161
Dodge: Dodged            |    23 |    36 |    53 |   126 ||   238
Block: Shield            |    83 |   108 |   157 |   250 ||   598

Inventory:

Hand Weapons
 a - a +0 battleaxe (weapon)
   (You took it off an orc warrior on level 10 of the Dungeon)
 J - a +1 war axe
Missiles
 B - 3 tomahawks (quivered)
 Q - 12 tomahawks of returning
Armour
 v - a +0 cloak (worn)
   (You found it on level 6 of the Dungeon)
 E - a +3 plate armour of cold resistance
   (You found it on level 9 of the Dungeon)
 F - a +0 pair of boots (worn)
   (You found it on level 6 of the Dungeon)
 L - a +0 plate armour of fire resistance (worn)
   (You took it off an orc warrior on level 10 of the Dungeon)
 P - the +1 plate armour of Qoepp {rElec rPois}
   (You bought it in a shop on level 11 of the Dungeon)

   It insulates you from electricity.
   It protects you from poison.
Jewellery
 n - a ring of protection from magic (right hand) {MR+}
   (You found it on level 9 of the Dungeon)
 p - a ring of stealth (left hand) {Stlth+}
   (You found it on level 2 of the Dungeon)
 O - an uncursed amulet of rage {unknown}
   (You found it on level 12 of the Dungeon)
Wands
 c - a wand of iceblast (16)
   (You found it on level 10 of the Dungeon)
 d - a wand of digging (11)
   (You found it on level 11 of the Dungeon)
 x - a wand of flame (108)
   (You found it on level 4 of the Dungeon)
 I - a wand of disintegration (4)
   (You found it on level 8 of the Dungeon)
Scrolls
 b - 2 scrolls of blinking
 f - 2 scrolls of fog {!r}
 j - 2 scrolls of noise
 o - 7 scrolls of remove curse
 t - 9 scrolls of teleportation {!r}
 u - 4 scrolls of enchant armour
 y - 2 scrolls of magic mapping {!r}
 C - a scroll of enchant weapon
 H - 4 scrolls of immolation
 N - a scroll of amnesia
Potions
 g - 3 potions of flight
 l - a potion of mutation
 r - a potion of lignification
 s - 2 potions of magic
 w - 6 potions of curing
 z - a potion of cancellation
 G - a potion of invisibility
 K - 2 potions of brilliance {unknown}
 M - a potion of ambrosia {unknown}
Miscellaneous
 D - a lightning rod (2/4)
   (You found it on level 9 of the Dungeon)
Comestibles
 e - 5 bread rations
 A - 4 royal jellies

Dungeon Overview and Level Annotations

Branches:
Dungeon (12/15)            Temple (1/1) D:6            Lair (1/6) D:8
    Orc (1/2) D:12

Altars:
Ashenzari
Cheibriados
Dithmenos
Elyvilon
Fedhas
Gozag
Hepliaklqana
Kikubaaqudgha
Makhleb
Nemelex Xobeh
Okawaru
Qazlal
Ru
Sif Muna
Trog
Uskayaw
Vehumet
Wu Jian
Xom
Yredelemnul
Zin
The Shining One
Beogh

Shops:
D:7 }   D:9 (   D:11 [

Annotations:
D:3 exclusion: door
D:12 theanonym's ghost, journeyman FoFi You were in a volcano. You worshipped Yredelemnul. Yredelemnul was aware of your devotion. You were not hungry. You visited 4 branches of the dungeon, and saw 15 of its levels. You also visited: Volcano. You collected 1095 gold pieces. You spent 646 gold pieces at shops.


Message History

A red draconian comes into view. It is wielding a halberd of flaming.
The salamander hits you with a glaive.
You are engulfed in flames.
You resist.
Found 40 gold pieces.
There is an open door here.
You take 5 damage, and have 97/102 hp.
You now have 14/15 mp.
The salamander hits you with a glaive.
You are engulfed in flames.
You resist.
Found a robe.
You take 7 damage, and have 90/102 hp.
You now have 13/15 mp.
There is an open door here.
You completely miss the salamander. The salamander hits you with a glaive.
You are engulfed in flames.
You resist.
You take 7 damage, and have 84/102 hp.
You now have 12/15 mp.
You hit the salamander.
The salamander hits you but does no damage.
The salamander hits you but does no damage.
No target in view!
You start resting.
You barely miss the salamander. Your headbutt misses the salamander.
The salamander hits you with a glaive.
You are engulfed in flames.
You resist.
You take 9 damage, and have 76/102 hp.
You hit the salamander. You headbutt the salamander.
The salamander hits you with a glaive!
You are engulfed in flames.
You resist.
You take 15 damage, and have 61/102 hp.
You now have 10/15 mp.
You barely miss the salamander.
The salamander hits you but does no damage.
You hit the salamander but do no damage.
A salamander opens the door.
Found a burning altar of Makhleb.
A salamander and a salamander mystic come into view.
You offer yourself to Yredelemnul, and are filled with unholy energy.
The salamander hits you but does no damage.
The salamander hits you from afar with an enchanted spear.
You are engulfed in flames.
You resist. Yredelemnul mirrors your injury!
You can no longer animate legions of the dead.
Yredelemnul will no longer gift you servants.
The salamander mystic moves out of view.
You take 6 damage, and have 55/102 hp.
You now have 8/15 mp.
You feel protected.
The salamander hits you from afar with an enchanted spear!
* * * LOW HITPOINT WARNING * * *
You are engulfed in flames.
You resist.
* * * LOW HITPOINT WARNING * * *
Yredelemnul mirrors your injury!
The molten gargoyle hits you with a morningstar!
* * * LOW MAGIC WARNING * * *;
* * * LOW HITPOINT WARNING * * *
You are engulfed in flames.
You resist.
* * * LOW HITPOINT WARNING * * *
Yredelemnul mirrors your injury!
The salamander hits you from afar with a spear.
* * * LOW MAGIC WARNING * * *;
* * * LOW HITPOINT WARNING * * *
You are engulfed in flames.
You resist.
* * * LOW MAGIC WARNING * * *;
* * * LOW HITPOINT WARNING * * *
Yredelemnul mirrors your injury! The salamander barely misses you.
Okay, then.
You take 28 damage, and have 27/102 hp.
MASSIVE DAMAGE!!
You now have 3/15 mp.
Unknown command.
Unknown command.
Really read
t - 10 scrolls of teleportation {!r}?
As you read the scroll of teleportation {!r}, it crumbles to dust.
You feel strangely unstable.
The salamander hits you but does no damage.
The salamander hits you from afar with a spear.
* * * LOW HITPOINT WARNING * * *
You are engulfed in flames.
You resist.
* * * LOW HITPOINT WARNING * * *
Yredelemnul mirrors your injury!
The molten gargoyle hits you with a morningstar!
* * * LOW MAGIC WARNING * * *;
* * * LOW HITPOINT WARNING * * *
You are engulfed in flames.
You resist.
* * * LOW HITPOINT WARNING * * *
Yredelemnul mirrors your injury! The salamander hits you with a glaive.
* * * LOW MAGIC WARNING * * *;
* * * LOW HITPOINT WARNING * * *
You are engulfed in flames.
You resist.
* * * LOW HITPOINT WARNING * * *
Yredelemnul mirrors your injury!
You take 17 damage, and have 10/102 hp.
You now have 0/15 mp.
You feel much better.
The salamander hits you from afar with an enchanted spear.
* * * LOW HITPOINT WARNING * * *
You are engulfed in flames.
You resist.
* * * LOW HITPOINT WARNING * * *
Yredelemnul mirrors your injury!
The salamander hits you but does no damage.
The red draconian breathes flames at you.
The searing blast hits the salamander.
The salamander completely resists.
The searing blast hits the molten gargoyle.
The molten gargoyle completely resists.
The searing blast hits you! You resist.
* * * LOW MAGIC WARNING * * *;
* * * LOW HITPOINT WARNING * * *
Yredelemnul mirrors your injury!
You can no longer recall your undead slaves.
You can no longer mirror injuries on your foes.
The molten gargoyle blasts magma at you!
The bolt of magma hits you! You partially resist.
* * * LOW HITPOINT WARNING * * *
The bolt of magma hits the salamander.
The salamander partially resists.
The salamander hits you from afar with a glaive!!
You die...
Your body rises from the dead as a mindless zombie.

#......§§§≈§§..##
##......§§≈≈....#
#...#...§≈...###
#8.8###.....##
##.## ##...## #.#
#..## #####
##'########
##....##...##....##
#$.....N.@.').....#
#$8..⌠.#§..#.⌠..8.#
#$.....##9##......#
##....##NNN##....##
###8# Nd.###8### #.
'._.#[!)# .N
#...'$$[. ###
##.####### ###


You could see a red draconian, a salamander mystic, 4 salamanders and a molten
gargoyle.

Notes
Turn   | Place    | Note
-------+----------+-------------------------------------------
     0 | D:1      | theanonym the Demonspawn Fighter began the quest for the Orb.
     0 | D:1      | Reached XP level 1. HP: 18/18 MP: 1/1
    26 | D:1      | Reached skill level 2 in Axes
   222 | D:1      | Gained mutation: You are partially covered in molten scales. (AC +2) [demonic ancestry]
   222 | D:1      | Reached XP level 2. HP: 13/24 MP: 2/2
  1050 | D:2      | Found an ancient bone altar of Kikubaaqudgha.
  1054 | D:2      | Gained mutation: When hurt, damage is shared between your health and your magic reserves. [demonic ancestry]
  1054 | D:2      | Reached XP level 3. HP: 29/29 MP: 3/3
  1230 | D:2      | Reached skill level 3 in Axes
  1465 | D:2      | HP: 13/29 [adder (2)]
  1472 | D:2      | HP: 11/29 [poisoned by an adder]
  1476 | D:2      | HP: 5/30 [poisoned by an adder]
  1481 | D:2      | HP: 4/30 [poisoned by an adder]
  1489 | D:2      | HP: 3/30 [poisoned by an adder]
  1844 | D:2      | Gained mutation: You have a pair of small horns on your head. [demonic ancestry]
  1844 | D:2      | Reached XP level 4. HP: 37/37 MP: 4/4
  2000 | D:3      | Noticed Robin
  2011 | D:3      | Killed Robin
  2176 | D:3      | Reached skill level 4 in Fighting
  2176 | D:3      | Reached skill level 4 in Axes
  2300 | D:3      | Reached XP level 5. HP: 41/42 MP: 5/5
  2362 | D:3      | Noticed a moth of wrath
  2364 | D:3      | Found a bloodstained altar of Trog.
  2898 | D:4      | Noticed Ijyb
  2909 | D:4      | HP: 21/42 [scorpion (3)]
  2914 | D:4      | HP: 18/42 [poisoned by a scorpion]
  2919 | D:4      | HP: 17/42 [poisoned by a scorpion]
  2925 | D:3      | HP: 15/42 [poisoned by a scorpion]
  2932 | D:3      | HP: 14/42 [poisoned by a scorpion]
  2940 | D:3      | HP: 13/42 [poisoned by a scorpion]
  3244 | D:4      | Found a shattered altar of Ashenzari.
  3473 | D:4      | Reached XP level 6. HP: 49/49 MP: 6/6
  3519 | D:4      | Killed Ijyb
  3519 | D:4      | Reached skill level 5 in Axes
  3551 | D:4      | Noticed a sky beast
  3576 | D:4      | Killed a sky beast
  3769 | D:4      | Reached skill level 5 in Fighting
  3875 | D:4      | HP: 15/51 [ogre/giant spiked club (18)]
  3883 | D:4      | Reached skill level 6 in Axes
  3883 | D:4      | Reached XP level 7. HP: 18/56 MP: 2/7
  4341 | D:5      | Entered Level 5 of the Dungeon
  5060 | D:5      | Found a hide-covered altar of Uskayaw.
  5060 | D:5      | Found a sacrificial altar of Ru.
  5061 | D:5      | Found an ornate altar of the Wu Jian Council.
  5338 | D:6      | Noticed Gerstahl's ghost (novice NaMo)
  5366 | D:6      | HP: 26/57 [Gerstahl's ghost (3)]
  5374 | D:6      | Killed Gerstahl's ghost
  5374 | D:6      | Reached skill level 6 in Fighting
  5374 | D:6      | Reached skill level 7 in Axes
  5374 | D:6      | Reached XP level 8. HP: 30/65 MP: 5/8
  5515 | D:6      | Found a staircase to the Ecumenical Temple.
  5526 | Temple   | Entered the Ecumenical Temple
  5843 | D:6      | Reached skill level 8 in Axes
  6271 | D:6      | Reached skill level 7 in Fighting
  6611 | D:7      | Reached skill level 9 in Axes
  6730 | D:7      | Reached XP level 9. HP: 68/72 MP: 9/9
  6793 | D:7      | Found Veucs's Gadget Shoppe.
  6984 | D:8      | Found a blossoming altar of Fedhas.
  7215 | D:8      | Noticed a two-headed ogre
  7226 | D:8      | Killed a two-headed ogre
  7226 | D:8      | Reached skill level 8 in Fighting
  7226 | D:8      | Reached skill level 10 in Axes
  7426 | D:8      | Found a staircase to the Lair.
  8080 | Lair:1   | Entered Level 1 of the Lair of Beasts
  8192 | D:8      | HP: 32/75 [yak (10)]
  8550 | D:8      | HP: 36/75 [yak (6)]
  8552 | D:8      | Reached skill level 9 in Fighting
  8552 | D:8      | Gained mutation: You have a pair of horns on your head. [demonic ancestry]
  8552 | D:8      | Reached XP level 10. HP: 40/83 MP: 6/10
  8556 | D:8      | HP: 39/83 [yak (2)]
  8559 | D:8      | Reached skill level 11 in Axes
  8774 | D:9      | HP: 41/83 [yak (6)]
  9007 | D:9      | Noticed Maurice
  9031 | D:9      | Paralysed by something for 5 turns
  9041 | D:8      | HP: 32/83 [something/vampiric draining (13)]
  9043 | D:8      | HP: 15/83 [something (7)]
  9048 | D:8      | HP: 17/83 [poisoned by Maurice]
  9053 | D:8      | HP: 16/83 [poisoned by Maurice]
  9061 | D:8      | HP: 16/83 [poisoned by Maurice]
  9366 | D:9      | Killed Maurice
  9596 | D:9      | Found Sukeimn's Antique Weapon Shoppe.
  9628 | D:9      | Noticed Pikel
  9639 | D:9      | Killed Pikel
  9781 | D:9      | Found a glowing golden altar of the Shining One.
  9783 | D:9      | Found a shimmering altar of Xom.
  9791 | D:9      | Found a basalt altar of Yredelemnul.
  9792 | D:9      | Found a burning altar of Makhleb.
  9910 | D:9      | Noticed a manticore
  9959 | D:9      | Became a worshipper of Yredelemnul the Dark
 10097 | D:9      | Found a glowing silver altar of Zin.
 10098 | D:9      | Found an opulent altar of Gozag.
 10291 | D:9      | HP: 38/84 [freezing wraith (18)]
 10292 | D:9      | HP: 10/84 [freezing wraith (11)]
 10654 | D:8      | HP: 55/126 [freezing wraith (9)]
 10666 | D:8      | HP: 54/126 [freezing wraith (5)]
 10672 | D:8      | HP: 27/126 [freezing wraith (1)]
 11169 | D:9      | Noticed a centaur warrior
 11198 | D:9      | HP: 42/85 [centaur warrior/arrow (18)]
 11206 | D:9      | HP: 18/85 [centaur warrior/arrow (13)]
 11207 | D:10     | Entered Level 10 of the Dungeon
 11223 | D:10     | HP: 13/85 [crocodile (9)]
 11225 | D:10     | Reached skill level 12 in Axes
 11381 | D:10     | Reached skill level 10 in Fighting
 11549 | D:10     | Noticed a two-headed ogre
 11557 | D:10     | Killed a two-headed ogre
 11596 | D:10     | Reached * piety under Yredelemnul
 11618 | D:10     | HP: 37/85 [troll (6)]
 11619 | D:10     | Gained mutation: Your flesh is heat resistant. (rF+) [demonic ancestry]
 11619 | D:10     | Reached XP level 11. HP: 40/91 MP: 5/11
 11844 | D:9      | Killed a centaur warrior
 12753 | D:11     | HP: 42/92 [soldier ant (8)]
 12758 | D:11     | HP: 38/92 [poisoned by a soldier ant]
 12763 | D:11     | HP: 35/92 [poisoned by a soldier ant]
 12769 | D:11     | HP: 34/92 [poisoned by a soldier ant]
 12775 | D:11     | HP: 33/92 [poisoned by a soldier ant]
 12783 | D:11     | HP: 33/92 [poisoned by a soldier ant]
 13093 | D:11     | Reached skill level 13 in Axes
 13461 | D:11     | Found Koosig's Armour Emporium.
 13565 | D:11     | Bought the +1 plate armour of Qoepp {rElec rPois} for 646 gold pieces
 13651 | D:11     | Reached skill level 1 in Invocations
 13700 | D:11     | Reached ** piety under Yredelemnul
 13846 | D:11     | Killed an unseen horror
 13846 | D:11     | Reached skill level 2 in Invocations
 13968 | D:11     | Noticed a two-headed ogre
 13973 | D:11     | HP: 44/92 [two-headed ogre/dire flail (11)]
 13991 | D:11     | HP: 43/92 [two-headed ogre/dire flail (1)]
 13992 | D:11     | Killed a two-headed ogre
 13992 | D:11     | Reached skill level 11 in Fighting
 14206 | D:11     | Reached skill level 3 in Invocations
 14210 | D:11     | HP: 38/93 [yak (9)]
 14217 | D:11     | HP: 20/93 [yak (8)]
 14222 | D:11     | HP: 20/93 [yak (1)]
 14227 | D:11     | HP: 7/93 [yak (6)]
 14831 | D:12     | HP: 40/93 [vampire mosquito (8)]
 14837 | D:12     | HP: 38/93 [vampire mosquito (3)]
 14846 | D:11     | HP: 34/93 [vampire mosquito (6)]
 15148 | D:12     | Reached skill level 4 in Invocations
 15373 | D:12     | Reached skill level 5 in Invocations
 15461 | D:12     | HP: 41/93 [troll (10)]
 15462 | D:12     | Reached skill level 14 in Axes
 15462 | D:12     | Gained mutation: You are mostly covered in molten scales. (AC +3) [demonic ancestry]
 15462 | D:12     | Reached XP level 12. HP: 33/100 MP: 5/15
 15471 | D:12     | HP: 29/100 [something (7)]
 15478 | D:12     | HP: 15/100 [something (6)]
 15485 | D:12     | HP: 12/100 [something (3)]
 15490 | D:12     | HP: 6/100 [something (3)]
 15500 | D:12     | HP: 22/100 [something (6)]
 15505 | D:12     | HP: 20/100 [something (3)]
 15920 | D:12     | Found a staircase to the Orcish Mines.
 15931 | D:12     | Found a roughly hewn altar of Beogh.
 16100 | D:12     | Found a shadowy altar of Dithmenos.
 16545 | D:12     | Noticed theanonym's ghost (journeyman FoFi)
 16563 | D:12     | HP: 36/101 [theanonym's ghost (21)]
 16564 | D:12     | HP: 12/101 [theanonym's ghost (6)]
 16931 | Orc:1    | Entered Level 1 of the Orcish Mines
 16968 | Orc:1    | Noticed an orc high priest
 16985 | Orc:1    | Killed an orc high priest
 17139 | Orc:1    | HP: 49/102 [warg (5)]
 17357 | Orc:1    | Reached *** piety under Yredelemnul
 17393 | Orc:1    | Found a dark tunnel.
 17424 | Volcano  | Entered a volcano
 17584 | Volcano  | Noticed arkorax's ghost (journeyman GnFi)
 17612 | Volcano  | HP: 71/153 [arkorax's ghost (6)]
 17614 | Volcano  | Killed arkorax's ghost
 17614 | Volcano  | Reached skill level 12 in Fighting
 17617 | Volcano  | HP: 60/153 [poisoned by arkorax's ghost]
 17623 | Volcano  | HP: 55/153 [poisoned by arkorax's ghost]
 17628 | Volcano  | HP: 53/153 [poisoned by arkorax's ghost]
 17634 | Volcano  | HP: 30/153 [poisoned by arkorax's ghost]
 17642 | Volcano  | HP: 20/102 [poisoned by arkorax's ghost]
 17650 | Volcano  | HP: 20/102 [poisoned by arkorax's ghost]
 18314 | Volcano  | Noticed a red draconian
 18325 | Volcano  | Found a burning altar of Makhleb.
 18327 | Volcano  | HP: 47/102 [salamander/enchanted spear (9)]
 18328 | Volcano  | HP: 16/102 [molten gargoyle/morningstar (9)]
 18330 | Volcano  | Mangled by a salamander

Vanquished Creatures
  The ghost of arkorax the Blocker, a journeyman GnFi of Makhleb (Volcano)
  3 two-headed ogres
  An orc high priest (Orc:1)
  2 unseen horrors
  The ghost of Gerstahl the Skirmisher, a novice NaMo of Ashenzari (D:6)
  Pikel (D:9)
  A cyclops (D:12)
  A manticore (D:9)
  An ugly thing (D:12)
  A salamander (Volcano)
  Maurice (D:9)
  A freezing wraith (D:8)
  4 trolls
  A slime creature (D:8)
  2 hippogriffs
  17 yaks
  6 fire bats (Volcano)
  A vampire (D:8)
  3 vampire mosquitoes
  A warg (Orc:1)
  A soldier ant (D:11)
  4 porcupines (D:11)
  13 orc warriors
  An ice beast (D:9)
  2 black bears
  2 sky beasts
  2 necrophages
  A phantom (D:11)
  8 centaurs
  10 ogres
  3 crocodiles
  A big kobold (D:11)
  10 bullfrogs
  A water moccasin zombie (D:5)
  3 scorpions
  5 killer bees (D:11)
  3 wights (D:8)
  3 crimson imps
  3 howler monkeys
  2 quasits
  A centaur zombie (D:5)
  5 lava snakes (Volcano)
  4 hounds
  7 jellies
  3 centaur skeletons
  8 orc priests
  16 orc wizards
  4 bullfrog skeletons
  3 iguanas
  Ijyb (D:4)
  8 worker ants
  2 hound zombies (D:7)
  Robin (D:3)
  8 adders
  4 gnolls (D:9)
  6 shadow imps
  An ooze (D:7)
  An adder skeleton (D:8)
  3 dart slugs
  6 leopard geckos
  48 orcs
  8 bats
  9 giant cockroaches
  13 goblins
  13 hobgoblins
  11 jackals
  8 quokkas
  6 frilled lizards
  A jackal skeleton (D:6)
  6 kobolds
  A quokka skeleton (D:4)
  2 quokka zombies
  5 rats
351 creatures vanquished.

Vanquished Creatures (collateral kills)
  A gargoyle (D:12)
  A hippogriff (D:11)
  A vampire (D:12)
  4 yaks (D:12)
  2 orc wizards (Orc:1)
  6 orcs
15 creatures vanquished.

Vanquished Creatures (others)
  A centaur warrior (D:9)
  An ugly thing zombie (D:12)
  A slave (D:9)
  A vampire mosquito zombie (D:12)
  A hippogriff zombie (D:12)
  A warg zombie (Orc:1)
  3 yak zombies (D:12)
  A troll zombie (D:12)
  3 killer bee zombies (D:11)
  An adder zombie (D:9)
  6 orc zombies
  14 plants (D:11)
34 creatures vanquished.

Grand Total: 400 creatures vanquished
